 Dungeon Crawl Stone Soup version 0.27.1-3-gb3d3a73c9e (webtiles) character file.

Game seed: 16213195908017137883

7174 AkiraZoot the Covert (level 10, 0/50 (51) HPs)
             Began as a Spriggan Enchanter on Oct 11, 2021.
             Was a Follower of Dithmenos.
             Slain by a komodo dragon (24 damage)
             ... on level 11 of the Dungeon.
             The game lasted 00:24:10 (13607 turns).

AkiraZoot the Covert (Spriggan Enchanter)          Turns: 13607, Time: 00:24:10

HP:   0/50 (51)     AC:  5    Str:  4    XL:     10   Next: 86%
MP:   7/19          EV: 38    Int: 18    God:    Dithmenos [*.....]
Gold: 445           SH:  0    Dex: 18    Spells: 8/20 levels left

rFire    . . .     SeeInvis +   q - +4 dagger (drain)
rCold    . . .     Faith    .   (shield restricted)
rNeg     . . .     Spirit   .   A - +0 steam dragon scales
rPois    .         Reflect  .   (helmet restricted)
rElec    .         Harm     .   (no cloak)
rCorr    .         Rampage  .   (gloves unavailable)
Will     +....                  (boots unavailable)
Stlth    ++++++....             g - amulet of the acrobat
HPRegen  0.16/turn              y - ring of flight
MPRegen  0.16/turn              (no ring)

@: lethally poisoned (0 -> -3), confusing by touch, acrobatic, flying, wreathed
by umbra, lightly drained, very quick
A: very small, no large weapons, unfitting armour, see invisible, speed 3
a: Renounce Religion


You were on level 11 of the Dungeon.
You worshipped Dithmenos.
Dithmenos was aware of your devotion.
You visited 2 branches of the dungeon, and saw 12 of its levels.

You collected 445 gold pieces.

Inventory:

Hand Weapons
 a - a +1 dagger
 l - a +2 dagger of holy wrath
 q - a +4 dagger of draining (weapon)
Missiles
 t - 2 throwing nets
Armour
 b - a +0 robe
 w - a +1 robe of willpower
 A - +0 steam dragon scales (worn)
Jewellery
 g - an amulet of the acrobat (around neck)
 y - a ring of flight (left hand)
Wands
 j - a wand of digging (5)
Scrolls
 e - a scroll of summoning
 h - 4 scrolls of enchant armour {unknown}
 i - 9 scrolls of immolation {unknown}
 n - a scroll of acquirement {unknown}
 o - 2 scrolls of teleportation {unknown}
 p - a scroll of torment {unknown}
 s - 4 scrolls of identify {unknown}
 v - 3 scrolls of noise {unknown}
Potions
 c - a potion of might {unknown}
 d - a potion of lignification {unknown}
 f - a potion of haste {unknown}
 k - 4 potions of curing
 m - 3 potions of heal wounds {unknown}
 r - a potion of brilliance {unknown}
 u - a potion of mutation {unknown}
 x - 2 potions of resistance {unknown}
 z - a potion of invisibility {unknown}


   Skills:
 * Level 5.1 Fighting
 + Level 8.9 Short Blades
 + Level 9.2 Dodging
 + Level 12.9 Stealth
 + Level 5.7 Spellcasting
 + Level 9.1 Hexes


You had 8 spell levels left.
You knew the following spells:

 Your Spells              Type           Power      Damage    Failure   Level
a - Ensorcelled Hibernat  Hex/Ice        42%        N/A       3%          2
b - Corona                Hex            41%        N/A       1%          1
c - Confusing Touch       Hex            37%        N/A       1%          3
d - Tukima's Dance        Hex            37%        N/A       1%          3
e - Dazzling Flash        Conj/Hex       42%        N/A       6%          3

Your spell library contained the following spells:

 Spells                   Type           Power      Damage    Failure   Level
 Beastly Appendage        Tmut           10%        N/A       12%         1
 Blink                    Tloc           N/A        N/A       19%         2
 Wereblood                Tmut           5%         N/A       19%         2
 Frozen Ramparts          Ice            10%        1d3       36%         3
 Spider Form              Tmut/Pois      2%         N/A       36%         3
 Yara's Violent Unravell  Hex/Tmut       10%        3d6       47%         5
 Ice Form                 Ice/Tmut       5%         N/A       77%         4
 Olgreb's Toxic Radiance  Pois           5%         N/A       77%         4
 Passage of Golubria      Tloc           N/A        N/A       77%         4
 Summon Ice Beast         Ice/Summ       5%         N/A       77%         4
 Manifold Assault         Tloc           5%         N/A       98%         5
 Ozocubu's Refrigeration  Ice            2%         4d5       100%        7
 Storm Form               Tmut/Air       2%         N/A       100%        7
 Ignition                 Fire           2%         3d3       100%        8


Dungeon Overview and Level Annotations

Branches:
Dungeon (11/15)            Temple (1/1) D:6            Lair (0/6) D:10
    Orc (0/2) D:10

Altars:
Dithmenos
Elyvilon
Kikubaaqudgha
Makhleb
Nemelex Xobeh
Okawaru
Qazlal
Ru
Trog

Shops:
D:9 (

Annotations:
D:11 Psyche


Innate Abilities, Weirdness & Mutations

You are very small and have problems with some larger weapons.
You are too small for most types of armour.
You have supernaturally acute eyesight. (SInv)
You cover ground extremely quickly. (Speed+++)


Message History

Psyche casts a spell.
A swirling arc of seething chaos appears!
The arc of chaos hits you! You resist with almost no effort.
Casting: Ensorcelled Hibernation (safe; 3% risk of failure)
Confirm with . or Enter, or press ? or * to list all spells.
Aiming: Ensorcelled Hibernation (safe; 3% risk of failure)
Press: ? - help, Shift-Dir - straight line, f/p - Psyche
Aim: Psyche, wielding a +0 dagger of chaos and wearing a +0 robe (umbra, chance to affect: 19%) Psyche resists with almost no effort.
You feel sick. The komodo dragon barely misses you.
Psyche casts a spell.
A swirling arc of seething chaos appears!
The arc of chaos hits the komodo dragon but does no damage.
The arc of chaos hits you.
Casting: Ensorcelled Hibernation (safe; 3% risk of failure)
Confirm with . or Enter, or press ? or * to list all spells.
Aiming: Ensorcelled Hibernation (safe; 3% risk of failure)
Press: ? - help, Shift-Dir - straight line, f/p - Psyche
Aim: Psyche, wielding a +0 dagger of chaos and wearing a +0 robe (umbra, chance to affect: 19%) Psyche resists with almost no effort.
You feel sick.
Psyche hits you with a +0 dagger of chaos.
You feel drained. The komodo dragon misses you. Psyche misses you.
Casting: Ensorcelled Hibernation (safe; 3% risk of failure)
Confirm with . or Enter, or press ? or * to list all spells.
Aiming: Ensorcelled Hibernation (safe; 3% risk of failure)
Press: ? - help, Shift-Dir - straight line, f/p - Psyche
Aim: Psyche, wielding a +0 dagger of chaos and wearing a +0 robe (umbra, chance to affect: 19%) Psyche resists with almost no effort.
You feel sick.
The komodo dragon completely misses you.
Psyche hits you with a +0 dagger of chaos.
Casting: Ensorcelled Hibernation (safe; 3% risk of failure)
Confirm with . or Enter, or press ? or * to list all spells.
Your hands begin to glow red.
You feel sick.
The komodo dragon completely misses you.
Psyche looks encouraged for a moment.
Unknown command.
You feel sick.
Psyche looks satisfied for a moment.
The komodo dragon bites you!!
You die...

#.....#
###.#.# #
#.....#
#..[#$#
#.....#
#.###.#
#.....#
#.....#
####.##
##..### ..
##...###
#..
#.....#
#.....#
#..@..#
#..l..#
#...@.#
#.....!.#
...#.....#
####..^..#
#.....#
#######


You could see a komodo dragon and Psyche.

Vanquished Creatures
  Erica (D:9)
  A two-headed ogre (D:10)
  An ugly thing (D:10)
  An elephant (D:10)
  A komodo dragon (D:11)
  A troll (D:10)
  A yak (D:10)
  A wyvern (D:9)
  A basilisk (D:10)
  2 vampire mosquitoes (D:5)
  2 steam dragons
  Edmund (D:4)
  An acid dragon (D:9)
  4 water moccasins
  A sky beast (D:5)
  An ice beast (D:6)
  2 black bears
  A necrophage (D:6)
  3 centaurs
  An ogre (D:5)
  2 phantoms
  3 bullfrogs
  A wyvern zombie (D:5)
  3 scorpions
  A water moccasin skeleton (D:4)
  3 killer bees (D:8)
  6 wights
  2 howler monkeys
  A bullfrog zombie (D:5)
  3 centaur zombies
  A gnoll shaman (D:6)
  3 orc priests
  A centaur skeleton (D:6)
  4 hounds
  A bullfrog skeleton (D:6)
  3 iguanas (D:6)
  6 orc wizards
  A killer bee zombie (D:8)
  A howler monkey zombie (D:5)
  9 gnolls
  11 adders
  2 shadow imps (D:7)
  2 ufetubi
  A dart slug (D:4)
  12 orcs
  7 bats
  4 endoplasms
  4 giant cockroaches
  4 goblins
  3 hobgoblins
  4 jackals (D:1)
  2 quokkas
  7 ball pythons
  2 frilled lizards
  9 kobolds
  7 rats
164 creatures vanquished.

Vanquished Creatures (others)
  4 withered plants (D:3)
4 creatures vanquished.

Grand Total: 168 creatures vanquished

Notes
Turn   | Place    | Note
-------+----------+-------------------------------------------
     0 | D:1      | AkiraZoot the Spriggan Enchanter began the quest for the
                  | Orb.
     0 | D:1      | Reached XP level 1. HP: 9/9 MP: 5/5
   353 | D:1      | Reached skill level 5 in Stealth
   353 | D:1      | Reached XP level 2. HP: 4/13 MP: 3/6
   356 | D:1      | Learned a level 2 spell: Ensorcelled Hibernation
   999 | D:1      | You fall into a shaft and drop 1 floor!
  1541 | D:2      | Reached XP level 3. HP: 16/16 MP: 5/8
  2034 | D:2      | Reached skill level 6 in Stealth
  2466 | D:3      | Reached XP level 4. HP: 5/21 MP: 6/9
  2771 | D:3      | Found a faded altar of an unknown god.
  2897 | D:3      | Reached skill level 7 in Stealth
  3372 | D:3      | Reached XP level 5. HP: 24/24 MP: 5/10
  4153 | D:4      | Learned a level 3 spell: Confusing Touch
  4157 | D:4      | Learned a level 3 spell: Tukima's Dance
  4273 | D:4      | Noticed a phantom
  4278 | D:4      | Killed a phantom
  4279 | D:4      | Reached skill level 8 in Stealth
  4279 | D:4      | Reached XP level 6. HP: 28/28 MP: 11/11
  4325 | D:4      | Noticed Edmund
  4326 | D:4      | Reached skill level 5 in Short Blades
  4342 | D:4      | Killed Edmund
  4348 | D:4      | Learned a level 3 spell: Dazzling Flash
  4744 | D:4      | Reached skill level 5 in Hexes
  5361 | D:5      | Entered Level 5 of the Dungeon
  5531 | D:5      | Reached XP level 7. HP: 9/32 MP: 9/14
  6088 | D:4      | HP: 1/32 [poisoned by a water moccasin]
  6413 | D:5      | Noticed a vampire mosquito
  6414 | D:5      | Noticed a vampire mosquito
  6429 | D:5      | Killed a vampire mosquito
  6430 | D:5      | Reached skill level 1 in Fighting
  6430 | D:5      | Reached XP level 8. HP: 5/37 MP: 12/15
  6972 | D:5      | Reached skill level 5 in Dodging
  8067 | D:6      | Found a staircase to the Ecumenical Temple.
  8109 | Temple   | Entered the Ecumenical Temple
  8212 | Temple   | Became a worshipper of Dithmenos the Shadowed
  8800 | D:6      | Reached XP level 9. HP: 44/44 MP: 16/16
  8805 | D:6      | Reached skill level 9 in Stealth
  9323 | D:7      | Reached skill level 10 in Stealth
 10296 | D:7      | Found a stormy altar of Qazlal.
 10451 | D:8      | Reached * piety under Dithmenos
 10461 | D:8      | Reached skill level 11 in Stealth
 11869 | D:9      | Noticed Erica
 11879 | D:9      | Killed Erica
 11880 | D:9      | Reached skill level 12 in Stealth
 11880 | D:9      | Reached XP level 10. HP: 49/49 MP: 8/17
 12080 | D:9      | Found Xaurusk's Weapon Boutique.
 12593 | D:10     | Entered Level 10 of the Dungeon
 12595 | D:10     | Found a staircase to the Orcish Mines.
 12605 | D:10     | Noticed a two-headed ogre
 12612 | D:10     | Killed a two-headed ogre
 12615 | D:10     | Reached skill level 5 in Spellcasting
 12813 | D:10     | Found a staircase to the Lair.
 12813 | D:10     | Noticed an elephant
 12850 | D:10     | Killed an elephant
 13278 | D:10     | Noticed a cyan ugly thing
 13295 | D:10     | Killed a purple ugly thing
 13463 | D:10     | Reached skill level 5 in Fighting
 13595 | D:11     | Noticed Psyche
 13607 | D:11     | Identified the ring "Cyoteh" {rPois MP+9 Str-2 Int-5 Dex+9}
 13607 | D:11     | Slain by a komodo dragon

Illustrated notes

Levels and vault maps discovered:
D:1:      wander_arrival_lonely_grave, layout_basic
D:2:      layout_rooms
D:3:      layout_loops_cross, ebering_ecumenical_altar_petrified, minmay_vboxes
D:4:      layout_basic, uniq_edmund
D:5:      layout_basic, serial_co_window_serial, co_window_corner_a,
          co_window_paths_a, co_window_corner_a, co_window_paths_a,
          co_window_corner_a, co_window_corner_a, co_window_of_opportunity_a,
          co_window_paths_a, co_window_paths_a, co_window_paths_c,
          co_window_cross_2, co_window_2corner, co_window_paths_c,
          co_window_of_opportunity_b, co_window_4corner_b, glass_columns_b,
          glass_columns_a, minmay_checkerbox
D:6:      minmay_evil_eye, layout_basic, temple_doors_e, serial_curves,
          eino_curves_04, eino_curves_02
D:7:      layout_layer_cave, lemuel_round_altar
D:8:      layout_loops_ring
D:9:      layout_loops_ring, serial_shops, shop, uniq_erica
D:10:     layout_basic, david_lair_generic, orc_0_dummy
D:11:     layout_roguey, small_chamber_with_monster, uniq_psyche, uniq_josephine
Temple:   roderic_octagonal_lattice_temple

Skill      XL: |  1  2  3  4  5  6  7  8  9 10 |
---------------+-------------------------------+-----
Stealth        | 5 6 7 8 12 | 12.9
Short Blades   | 2 3 4 5 8 |  8.9
Spellcasting   | 4 5 |  5.7
Hexes          | 5 8 9 |  9.1
Dodging        | 4 8 9 |  9.2
Fighting       | 1 3 5 |  5.1

Action                   |  1- 3 |  4- 6 |  7- 9 | 10-12 || total
-------------------------+-------+-------+-------+-------++-------
Melee: Dagger            |   106 |   123 |   212 |    35 ||   476
 Cast: Corona            |     9 |       |       |       ||     9
       Ensorcelled Hiber |    23 |    24 |    73 |    22 ||   142
       Confusing Touch   |       |     2 |    22 |     2 ||    26
  Use: Scroll            |     1 |       |     4 |       ||     5
       Potion            |       |       |     1 |       ||     1
 Stab: Sleeping          |    22 |    25 |    44 |    15 ||   106
       Distracted        |       |     2 |     2 |     1 ||     5
       Confused          |       |     3 |    24 |     2 ||    29
Armor: Robe              |    18 |     6 |     5 |       ||    29
       Steam dragon scal |       |       |       |     4 ||     4
Dodge: Dodged            |   105 |    85 |   212 |    27 ||   429
